AoeStats
← saschauli

Arena

508817714Analyzed
4v4 RM · 9d ago on Sep 24, 2026· 21m 36s· 8 players
Game mode
Random Map
Map size
Large (8 player)
Population
200
Speed
Normal
Resources
Standard
Victory
Conquest
Starting age
Dark Age
Ending age
Imperial Age
RankedLock teamsTeams togetherTeam positionsShared explorationLock speedFull tech treeHidden civsTurbo modeCheats
Victory
Defeat
🇦🇺 Varangians · Australia
1258
+6
🇦🇺 Saxons · Australia
1153
+10
🇨🇳 Japanese · China
1016
+15
🇨🇷 Khmer · Costa Rica
773
+23
🇲🇽 Romans · Mexico
1015
-14
🇨🇳 Malians · China
1001
-14
🇩🇪 Poles · Germany
985
-13
🇲🇽 Khmer · Mexico
973
-13
ThiranoMarck
1:55 Loom
10:27 Feudal Age
11:19 Double-Bit Axe
11:16 Horse Collar
16:16 Castle Age
18:43 Heavy Plow
18:58 Bow Saw
18:50 Gold Mining
PGTKing50
12:20 Feudal Age
16:22 Castle Age
15:03 Double-Bit Axe
15:02 Horse Collar
16:43 Wheelbarrow
17:25 Bow Saw
17:19 Heavy Plow
19:20 Hand Cart
saschauli
10:38 Feudal Age
11:29 Double-Bit Axe
11:38 Stone Mining
11:36 Horse Collar
17:48 Castle Age
17:35 Forging
19:10 Bow Saw
19:17 Scale Barding Armor
Manchuria lmuberjack
9:57 Feudal Age
15:39 Castle Age
13:31 Double-Bit Axe
14:31 Horse Collar
15:09 Gold Mining
17:51 Wheelbarrow
20:16 Loom
20:36 Heavy Plow
21:11 Stone Mining
MisoConnoisseur
10:34 Feudal Age
11:41 Double-Bit Axe
14:19 Castle Age
12:36 Horse Collar
13:39 Loom
15:15 Wheelbarrow
15:08 Stone Mining
15:44 Bow Saw
18:42 Scale Mail Armor
Weak Foe Ahead
10:28 Feudal Age
11:15 Loom
14:10 Castle Age
13:44 Double-Bit Axe
16:11 Scale Mail Armor
17:05 Bow Saw
17:51 Gold Mining
20:21 Wheelbarrow
20:14 Squires
20:59 Arson
Gnosis
11:14 Feudal Age
9:43 Loom
16:22 Castle Age
15:06 Horse Collar
15:17 Double-Bit Axe
18:53 Stone Mining
19:34 Forging
20:52 Wheelbarrow
Pay It Forward
0:35 Loom
10:10 Feudal Age
15:51 Castle Age
13:51 Double-Bit Axe
14:29 Horse Collar
15:00 Gold Mining
Connection lost

Rejoining the realm…

Still unreachable

The connection could not be restored.

Session expired

The server has moved on; the page needs a fresh start.